 Dungeon Crawl Stone Soup version 0.18.1-50-g88ac8fd (webtiles) character file.

9153 inmateoo the Grappler (level 11, -2/109 HPs)
             Began as a Troll Wanderer on Oct 13, 2016.
             Was a High Priest of Cheibriados.
             Slain by a yak (7 damage)
             ... on level 10 of the Dungeon.
             The game lasted 00:14:49 (8120 turns).

inmateoo the Grappler (Troll Wanderer)              Turns: 8120, Time: 00:14:50

Health: -2/109     AC:  7    Str: 37    XL:     11   Next: 19%
Magic:  0/12       EV: 21    Int: 23    God:    Cheibriados [*****.]
Gold:   455        SH:  0    Dex: 23    Spells: 2 memorised, 5 levels left

rFire  . . .     SeeInvis .       - Unarmed
rCold  . . .     Gourm    +     j - +2 robe {MR+}
rNeg   . . .     Faith    .     (no shield)
rPois  .         Spirit   +     (helmet restricted)
rElec  .         Dismiss  .     (no cloak)
rCorr  +         Reflect  .     (gloves unavailable)
SustAt .         Harm     .     (boots unavailable)
MR     +....                    y - amulet of guardian spirit
Stlth  ++........               (no ring)
                                l - ring of resist corrosion

@: confused, agile, very slow, somewhat resistant to hostile enchantments,
unstealthy
A: unfitting armour, claws 3, fast metabolism 3, gourmand, regeneration 2,
shaggy fur 1, tough skin 2
a: Bend Time, Temporal Distortion, Slouch, Step From Time, Renounce Religion


You were on level 10 of the Dungeon.
You worshipped Cheibriados.
Cheibriados was extremely pleased with you.
You were not hungry.

You visited 1 branch of the dungeon, and saw 11 of its levels.

You collected 734 gold pieces.
You spent 279 gold pieces at shops.

Inventory:

Hand Weapons
 a - a +2 shortbow
 h - a +1 scimitar of flaming
Missiles
 b - 26 arrows
Armour
 j - a +2 robe of magic resistance (worn)
 A - a +2 robe of fire resistance
 Q - a +1 shield
Jewellery
 e - an uncursed amulet of harm {unknown}
 l - a ring of resist corrosion (left claw)
 y - an amulet of guardian spirit (around neck)
 J - an uncursed amulet of magic regeneration {unknown}
 R - an uncursed ring of protection from magic {unknown}
Wands
 d - a wand of slowing (30/48)
 H - a wand of iceblast (10/15)
 N - a wand of disintegration (16/24)
 P - a wand of lightning (6/15)
Scrolls
 c - a scroll of enchant weapon
 g - a scroll of amnesia
 n - 2 scrolls of magic mapping
 r - 2 scrolls of recharging
 B - 5 scrolls of remove curse
 K - a scroll of fog
Potions
 i - 5 potions of flight {unknown}
 o - 2 potions of magic {unknown}
 p - 3 potions of heal wounds
 s - 7 potions of curing
 t - 4 potions of brilliance {unknown}
 v - 3 potions of lignification {unknown}
 x - a potion of cancellation
 z - 2 potions of ambrosia
 O - 2 potions of might
Comestibles
 f - 11 bread rations
 q - a slice of pizza
 D - 5 meat rations
 E - 3 beef jerkies
 F - a royal jelly
 M - 30 fruits


   Skills:
 + Level 7.4 Fighting
 - Level 1.0 Bows
 - Level 1.0 Throwing
 + Level 7.2 Dodging
 * Level 11.8 Unarmed Combat
 + Level 1.8 Spellcasting
 - Level 1.5 Necromancy
   Level 1.3 Poison Magic
 + Level 1.7 Invocations
 - Level 1.0 Evocations


You had 5 spell levels left.
You knew the following spells:

 Your Spells              Type           Power        Failure   Level  Hunger
a - Regeneration          Chrm/Necr      #.........   30%         3    ###....
b - Dispel Undead         Necr           #.......     99%         5    ######.


Dungeon Overview and Level Annotations

Branches:
Dungeon (11/15)            Temple (0/1) D:7             Orc (0/2) D:9
   Lair: D:8-11

Altars:
Ashenzari
Cheibriados
Dithmenos
Okawaru
Qazlal
Ru
Trog
Xom
Yredelemnul
The Shining One

Shops:
D:6 :![


Innate Abilities, Weirdness & Mutations

You are too large for most types of armour.
You have claws for hands.
Your metabolism is lightning-fast.
You like to eat raw meat.
You heal very quickly.
You are covered in fur (AC +1).
You have very tough skin (AC +2).


Message History

The yak closely misses you. The yak misses you. The orc warrior misses you.
The yak completely misses you. The yak gores you!
* * * LOW HITPOINT WARNING * * *
Unknown command.
Drink which item? (? for menu, Esc to quit)
You feel much better. The yak completely misses you. x2
The yak gores you but does no damage. The yak misses you. x2
The yak completely misses you. The orc warrior misses you.
The yak completely misses you.
Unknown command.
Drink which item? (? for menu, Esc to quit)
You are confused.
You feel invigorated. The yak gores you!
* * * LOW HITPOINT WARNING * * *
The yak closely misses you. The yak completely misses you. The yak gores you!
* * * LOW HITPOINT WARNING * * *
The yak gores you.
* * * LOW HITPOINT WARNING * * *
The yak barely misses you. The yak gores you!
You die...

.....## ##.......<........
......# ##.....(.........
......## ##..............
.......## ##.............
...#....## ###............
....##...### ######..............
....####...###...................
....## ##......YYY.........)....#
.....# ##.....o@Y.............##
#....# #.....YYY...........!.#
##...## ##...................###
##...## ##......................
#....###.......................
####.....#..####.................
...#........###...........##....#
............##...........##....##
............#.................).#


You could see 7 yaks and an orc warrior.

Vanquished Creatures
  Erica (D:8)
  An unseen horror (D:10)
  Pikel (D:7)
  Joseph (D:7)
  A troll (D:9)
  A queen bee (D:10)
  Eustachio (D:6)
  Grum (D:8)
  A hungry ghost (D:10)
  Menkaure (D:4)
  3 iguanas
  Edmund (D:6)
  6 orc warriors
  2 black bears
  An ice beast (D:8)
  3 sky beasts
  A slave (D:7)
  A wasp (D:11)
  5 ogres
  An eye of draining (D:8)
  2 phantoms
  3 wolves (D:8)
  8 centaurs
  A big kobold (D:8)
  A gnoll sergeant (D:7)
  6 giant frogs
  A wyvern skeleton (D:10)
  3 scorpions
  17 killer bees (D:10)
  3 wights (D:7)
  6 howler monkeys
  4 crimson imps
  A giant frog zombie (D:10)
  3 centaur skeletons
  6 hounds
  A gnoll shaman (D:8)
  8 orc priests
  7 orc wizards
  14 worker ants
  A hound skeleton (D:6)
  A hound zombie (D:8)
  10 gnolls
  8 adders
  2 shadow imps
  2 adder skeletons
  3 worms
  3 giant geckos
  54 orcs
  8 giant cockroaches
  8 goblins
  9 hobgoblins
  15 jackals
  12 kobolds
  8 quokkas
  A ball python (D:4)
  3 bats
  2 giant gecko skeletons
  A giant newt (D:1)
  5 rats
  A spectral orc (D:4)
286 creatures vanquished.

Vanquished Creatures (others)
  3 slaves (D:7)
3 creatures vanquished.

Grand Total: 289 creatures vanquished

Notes
Turn   | Place    | Note
--------------------------------------------------------------
     0 | D:1      | inmateoo the Troll Wanderer began the quest for the Orb.
     0 | D:1      | inmateoo set off with: a +2 shortbow, 26 arrows, the Grimoire of Darkness, Caloruh's Almanac of Beguiling, a +0 robe, 2 bread rations
     0 | D:1      | Reached XP level 1. HP: 19/19 MP: 1/1
     0 | D:1      | Identified the Grimoire of Darkness
     0 | D:1      | Identified Caloruh's Almanac of Beguiling
   193 | D:1      | Reached skill level 1 in Unarmed Combat
   298 | D:1      | Reached XP level 2. HP: 27/27 MP: 2/2
   364 | D:1      | Reached skill level 2 in Unarmed Combat
   674 | D:2      | Found a shadowy altar of Dithmenos.
   685 | D:2      | Reached XP level 3. HP: 33/33 MP: 3/3
   856 | D:2      | Reached skill level 3 in Unarmed Combat
   947 | D:2      | Found a glowing golden altar of the Shining One.
  1003 | D:2      | Found a sacrificial altar of Ru.
  1013 | D:2      | Reached XP level 4. HP: 41/41 MP: 4/4
  1366 | D:3      | Reached skill level 4 in Unarmed Combat
  1829 | D:3      | Noticed a phantom
  1851 | D:3      | Killed a phantom
  1851 | D:3      | Reached skill level 5 in Unarmed Combat
  1851 | D:3      | Reached XP level 5. HP: 30/49 MP: 5/5
  2184 | D:4      | Noticed a phantom
  2279 | D:4      | Reached XP level 6. HP: 55/57 MP: 6/6
  2317 | D:5      | Entered Level 5 of the Dungeon
  2616 | D:4      | Reached XP level 7. HP: 49/67 MP: 4/7
  2674 | D:4      | Reached skill level 6 in Unarmed Combat
  2692 | D:4      | Found a basalt altar of Yredelemnul.
  2817 | D:4      | Found a shattered altar of Ashenzari.
  2821 | D:4      | Saw a vision of the Swamp and the Snake Pit.
  2821 | D:4      | Noticed an anaconda
  2821 | D:4      | Noticed a black mamba
  2821 | D:4      | Noticed a naga mage
  2821 | D:4      | Noticed a naga mage
  2821 | D:4      | Noticed a black mamba
  2821 | D:4      | Noticed an alligator
  2821 | D:4      | Noticed an alligator
  2822 | D:4      | Noticed a naga ritualist
  2822 | D:4      | Noticed a naga ritualist
  3034 | D:5      | Found a shimmering altar of Xom.
  3269 | D:5      | Noticed Menkaure
  3279 | D:4      | Killed Menkaure
  3279 | D:4      | Reached XP level 8. HP: 47/78 MP: 4/8
  3534 | D:6      | Found Ycicke's Book Shoppe.
  3613 | D:6      | Reached skill level 7 in Unarmed Combat
  3646 | D:6      | Found Noycsul's Distillery.
  3651 | D:6      | Bought a potion of heal wounds for 60 gold pieces
  3651 | D:6      | Bought a potion of curing for 36 gold pieces
  3651 | D:6      | Bought 2 potions of might for 96 gold pieces
  3651 | D:6      | Bought a potion of berserk rage for 60 gold pieces
  3651 | D:6      | Bought a potion of degeneration for 12 gold pieces
  3666 | D:6      | Noticed Edmund
  3698 | D:6      | Killed Edmund
  3744 | D:6      | Found Xughiqij's Antique Armour Boutique.
  3752 | D:6      | Found an iron altar of Okawaru.
  3758 | D:6      | Bought a runed robe for 15 gold pieces
  3977 | D:6      | Found a snail-covered altar of Cheibriados.
  3985 | D:6      | Noticed Eustachio
  3986 | D:6      | Became a worshipper of Cheibriados the Contemplative
  4033 | D:6      | Killed Eustachio
  4033 | D:6      | Reached skill level 5 in Fighting
  4092 | D:6      | Reached skill level 8 in Unarmed Combat
  4149 | D:7      | Noticed Pikel
  4184 | D:7      | Killed Pikel
  4184 | D:7      | Reached XP level 9. HP: 42/88 MP: 2/9
  4219 | D:7      | Noticed Joseph
  4226 | D:7      | Killed Joseph
  4226 | D:7      | Reached skill level 5 in Dodging
  4327 | D:7      | Reached skill level 9 in Unarmed Combat
  4404 | D:7      | Found a staircase to the Ecumenical Temple.
  4486 | D:7      | Reached * piety under Cheibriados
  4790 | D:7      | Reached ** piety under Cheibriados
  4820 | D:7      | Found a bloodstained altar of Trog.
  4981 | D:8      | Reached skill level 10 in Unarmed Combat
  5040 | D:8      | Found a stormy altar of Qazlal.
  5149 | D:8      | Reached XP level 10. HP: 52/98 MP: 5/10
  5272 | D:8      | Learned a level 3 spell: Regeneration
  5288 | D:8      | Noticed Grum
  5295 | D:8      | Noticed Erica
  5302 | D:8      | Killed Grum
  5302 | D:8      | Reached *** piety under Cheibriados
  5338 | D:8      | Killed Erica
  5491 | D:8      | Learned a level 5 spell: Dispel Undead
  5692 | D:8      | Reached skill level 11 in Unarmed Combat
  6090 | D:9      | Reached **** piety under Cheibriados
  6376 | D:9      | Found a staircase to the Orcish Mines.
  6792 | D:10     | Entered Level 10 of the Dungeon
  6804 | D:9      | Reached ***** piety under Cheibriados
  6863 | D:10     | Identified The Foundations of Spellcraft (You found it on level 10 of the Dungeon)
  7186 | D:10     | Reached skill level 1 in Invocations
  7756 | D:10     | Reached XP level 11. HP: 97/109 MP: 10/12
  8077 | D:10     | Killed an unseen horror
  8118 | D:10     | HP: 1/109 [yak (13)]
  8120 | D:10     | Slain by a yak

Skill      XL: |  1  2  3  4  5  6  7  8  9 10 |
---------------+-------------------------------+-----
Unarmed Combat | 1 2 3 5 6 8 10 11 | 11.8
Fighting       | 2 3 4 5 6 7 |  7.4
Dodging        | 2 3 4 5 7 |  7.2
Invocations    | 1 |  1.7
Bows           | |  1.0
Throwing       | |  1.0
Spellcasting   | |  1.8
Necromancy     | |  1.5
Poison Magic   | |  1.3
Evocations     | |  1.0

Action                   |  1- 3 |  4- 6 |  7- 9 | 10-12 || total
-------------------------+-------+-------+-------+-------++-------
Melee: Unarmed           |    83 |   145 |   364 |   290 ||   882
       Punch             |     1 |     3 |    11 |    20 ||    35
Invok: Slouch            |       |       |       |     2 ||     2
Evoke: Wand              |       |       |       |     3 ||     3
  Use: Scroll            |       |     1 |     1 |    16 ||    18
       Potion            |       |       |     1 |     6 ||     7
 Stab: Paralysed         |       |     3 |       |       ||     3
       Sleeping          |       |       |       |     1 ||     1
  Eat: Chunk             |    10 |    19 |    21 |    22 ||    72
Armor: Robe              |    30 |    45 |   107 |    93 ||   275
Dodge: Dodged            |    44 |    49 |   142 |   308 ||   543
